 Dungeon Crawl Stone Soup version 0.20.1-1-g8b1a95d (webtiles) character file.

360 tidbits the Insei (level 6, -2/46 HPs)
             Began as a Demigod Transmuter on Aug 11, 2017.
             Shot with an arrow by a centaur (9 damage)
             ... on level 7 of the Dungeon.
             The game lasted 00:13:46 (1602 turns).

tidbits the Insei (Demigod Transmuter)              Turns: 1602, Time: 00:13:48

Health: -2/46      AC:  2    Str: 13    XL:     6   Next: 15%
Magic:  7/11       EV: 18    Int: 21    God:
Gold:   174        SH:  0    Dex: 21    Spells: 2/8 levels left

rFire    . . .     SeeInvis .   b - +0 hunting sling
rCold    . . .     Gourm    .   (no shield)
rNeg     . . .     Faith    .   k - +0 robe
rPois    .         Spirit   .   (no helmet)
rElec    .         Reflect  .   (no cloak)
rCorr    .         Harm     .   (no gloves)
MR       .....                  (no boots)
Stlth    +++.......             (no amulet)
Regen    0.2/turn               (no ring)
MPRegen  0.2/turn               (no ring)

@: agile, appendage, very slightly contaminated
A: horns 2, high mp 1
a: End Transformation


You were on level 7 of the Dungeon.
You were not hungry.
You had grown temporary horns.
You visited 1 branch of the dungeon, and saw 7 of its levels.

You collected 174 gold pieces.

Inventory:

Hand Weapons
 b - a +0 hunting sling (weapon)
 z - a cursed -2 falchion
Missiles
 a - 80 arrows
 l - 56 stones (quivered)
 w - 11 poisoned needles
Armour
 k - a +0 robe (worn)
 x - a +0 shield
Wands
 B - a wand of paralysis (12/24)
Scrolls
 e - 2 scrolls of magic mapping
 g - 3 scrolls of teleportation {unknown}
 h - 2 scrolls of noise {unknown}
 i - 2 scrolls of identify
 n - 2 scrolls of recharging {unknown}
 t - a scroll of blinking {unknown}
 y - a scroll of enchant armour {unknown}
 A - a scroll of random uselessness {unknown}
Potions
 m - a potion of heal wounds {unknown}
 q - a potion of resistance {unknown}
 r - a potion of flight {unknown}
 s - a potion of curing
 u - a potion of degeneration {unknown}
 v - a potion of haste {unknown}
Books
 c - a book of Changes

   Spells                             Type                      Level
   a - Beastly Appendage              Transmutation                1
   b - Sticks to Snakes               Transmutation                2
   c - Spider Form                    Transmutation/Poison         3
   d - Ice Form                       Ice/Transmutation            4
   e - Blade Hands                    Transmutation                5
Comestibles
 d - 3 bread rations
 f - 2 meat rations
 o - 2 fruits
 p - 2 royal jellies
 C - 3 chunks of flesh


   Skills:
 - Level 0.8 Fighting
 - Level 1.7 Dodging
 - Level 5.6 Unarmed Combat
 - Level 1.7 Spellcasting
 + Level 3.7 Transmutations


You had 2 spell levels left.
You knew the following spells:

 Your Spells              Type           Power        Failure   Level  Hunger
e - Beastly Appendage     Tmut           ###...       3%          1    #......
k - Sticks to Snakes      Tmut           ###.....     4%          2    ###....
p - Spider Form           Tmut/Pois      #.........   21%         3    ###....


Dungeon Overview and Level Annotations

Branches:
Dungeon (7/15)
 Temple: D:4-7

Annotations:
D:2 Sigmund


Innate Abilities, Weirdness & Mutations

You have an increased reservoir of magic. (+10% MP)
You have a pair of horns on your head.


Message History

Aim: a hound You shoot a stone.
The stone hits the hound.
The hound is lightly wounded.
Firing (i - inventory):
l - 38 stones (quivered)
Press: ? - help, Shift-Dir - straight line, f/p - hound
Aim: a hound (lightly wounded)
You shoot a stone. The stone closely misses the hound.
Casting: Sticks to Snakes
Confirm with . or Enter, or press ? or * to list all spells.
You miscast Spider Form.
You are very lightly contaminated with residual magic.
You feel weak for a moment.
You are feeling hungry.
Your ball python misses the hound.
Your ball python grabs the hound.
Your ball python constricts the hound.
The hound closely misses you.
Really attack while wielding your +0 hunting sling?
Okay, then.
You are now empty-handed.
Your ball python bites the hound but does no damage.
Your ball python constricts the hound.
The hound misses you.
You punch the hound! Your kick misses the hound.
The hound is severely wounded.
Your ball python bites the hound but does no damage.
Your ball python constricts the hound.
The hound bites your ball python.
You punch the hound!
You kill the hound!
You have reached level 6!
Your experience leads to a dramatic increase in your attributes!
Increase (S)trength, (I)ntelligence, or (D)exterity?
You feel clever. x2
You swap places.
Your transformation is almost over.
l - 38 stones (gained 1)
Found 12 gold pieces.
l - 39 stones (gained 1) Eat one of 4 chunks of flesh? (ye/n/q)
You eat one of the 4 chunks of flesh.
This raw flesh tastes terrible.
b - a +0 hunting sling (weapon)
l - 40 stones (gained 1)
Your talons disappear.
l - 41 stones (gained 1)
Your ball python withers and dies!
You now have 161 gold pieces (gained 12).
Found a stone staircase leading down.
Your magical contamination has completely faded away.
Found 13 gold pieces.
Found a robe.
Found 17 stones.
You now have 174 gold pieces (gained 13).
l - 58 stones (gained 17)
A bullfrog zombie comes into view.
Firing (i - inventory):
l - 58 stones (quivered)
Press: ? - help, Shift-Dir - straight line, f - bullfrog zombie
Aim: a bullfrog zombie You shoot a stone.
The stone hits the bullfrog zombie.
The bullfrog zombie is lightly damaged.
Firing (i - inventory):
l - 57 stones (quivered)
Press: ? - help, Shift-Dir - straight line, f/p - bullfrog zombie
Aim: a bullfrog zombie (lightly damaged)
You shoot a stone. The stone hits the bullfrog zombie.
The bullfrog zombie is lightly damaged.
You are now empty-handed.
Casting: Spider Form
Confirm with . or Enter, or press ? or * to list all spells.
You grow a pair of large bovine horns.
Casting: Beastly Appendage
Confirm with . or Enter, or press ? or * to list all spells.
You miscast Sticks to Snakes.
You are very lightly contaminated with residual magic.
Nothing appears to happen.
The bullfrog zombie barely misses you.
Casting: Sticks to Snakes
Confirm with . or Enter, or press ? or * to list all spells.
You create a snake!
You now have 80 arrows.
The bullfrog zombie completely misses you.
You hit the bullfrog zombie. You headbutt the bullfrog zombie.
The bullfrog zombie is moderately damaged.
The bullfrog zombie hits you.
* * * LOW HITPOINT WARNING * * *
You hit the bullfrog zombie.
The bullfrog zombie is heavily damaged.
The bullfrog zombie misses you.
Your ball python bites the bullfrog zombie.
Your ball python grabs the bullfrog zombie.
Your ball python constricts the bullfrog zombie.
You hit the bullfrog zombie.
The bullfrog zombie is heavily damaged.
The bullfrog zombie hits you.
* * * LOW HITPOINT WARNING * * *
Your ball python bites the bullfrog zombie.
Your ball python constricts the bullfrog zombie.
You hit the bullfrog zombie. You headbutt the bullfrog zombie!
You destroy the bullfrog zombie!
b - a +0 hunting sling (weapon)
A centaur comes into view.
The centaur wields a shortbow.
The centaur shoots an arrow.
The arrow hits you!
* * * LOW HITPOINT WARNING * * *
You see here an arrow.
You feel agile all of a sudden.
The centaur shoots an arrow.
The arrow hits you!
You die...

........#######.#
.............##.#
#............##.#
.......#.....##.##
.............##..#######
.......###..............
#......# ####.....((....
#......# #............
######## #...S@.......
#............
#............
#............
##..........c
##.......... ###########


You could see a centaur and a friendly ball python.

Vanquished Creatures
  A black bear (D:7)
  A bullfrog zombie (D:7)
  2 hounds
  7 adders
  A shadow imp (D:5)
  2 worms (D:2)
  A dart slug (D:2)
  2 leopard geckos
  3 orcs (D:3)
  A ball python (D:2)
  A giant cockroach (D:2)
  8 goblins
  5 hobgoblins
  3 jackals (D:6)
  5 bats
  2 frilled lizards
  9 rats
54 creatures vanquished.

Vanquished Creatures (collateral kills)
  A scorpion (D:7)
  Ijyb (D:3)
  3 adders
  An orc (D:3)
  2 jackals (D:3)
8 creatures vanquished.

Vanquished Creatures (others)
  A leopard gecko (D:4)
  An orc (D:4)
2 creatures vanquished.

Grand Total: 64 creatures vanquished

Notes
Turn   | Place    | Note
-------+----------+-------------------------------------------
     0 | D:1      | tidbits the Demigod Transmuter began the quest for the Orb.
     0 | D:1      | Reached XP level 1. HP: 15/15 MP: 5/5
   102 | D:2      | Reached skill level 3 in Unarmed Combat
   150 | D:2      | Noticed a hound
   163 | D:2      | Reached XP level 2. HP: 22/22 MP: 5/7
   174 | D:2      | Reached skill level 4 in Unarmed Combat
   174 | D:2      | Reached XP level 3. HP: 14/27 MP: 8/8
   332 | D:2      | Learned a level 2 spell: Sticks to Snakes
   387 | D:2      | Noticed Sigmund
   705 | D:2      | Reached XP level 4. HP: 27/34 MP: 6/9
   936 | D:3      | Found a deep blue altar of Sif Muna.
   952 | D:3      | Found an ancient bone altar of Kikubaaqudgha.
   972 | D:3      | Reached skill level 5 in Unarmed Combat
  1056 | D:3      | Noticed Ijyb
  1075 | D:3      | Paralysed by Ijyb for 5 turns
  1088 | D:3      | Killed Ijyb
  1323 | D:5      | Entered Level 5 of the Dungeon
  1329 | D:5      | Reached XP level 5. HP: 34/39 MP: 6/10
  1438 | D:6      | Learned a level 3 spell: Spider Form
  1446 | D:6      | Found a bloodstained altar of Trog.
  1465 | D:7      | Noticed a black bear
  1476 | D:7      | Killed a black bear
  1476 | D:7      | Reached skill level 2 in Transmutations
  1526 | D:7      | Reached skill level 3 in Transmutations
  1534 | D:7      | Reached XP level 6. HP: 16/46 MP: 5/11
  1602 | D:7      | Shot with an arrow by a centaur

Skill      XL: |  1  2  3  4  5 |
---------------+----------------+-----
Unarmed Combat | 3 4 5 |  5.6
Transmutations | 3 |  3.7
Fighting       | |  0.8
Dodging        | |  1.7
Spellcasting   | |  1.7

Action                   |  1- 3 |  4- 6 || total
-------------------------+-------+-------++-------
Melee: Unarmed           |    62 |    83 ||   145
       Kick              |     9 |     9 ||    18
       Headbutt          |     2 |    12 ||    14
       Punch             |       |     2 ||     2
 Fire: Hunting sling     |    12 |    25 ||    37
 Cast: Beastly Appendage |    13 |    16 ||    29
       Sticks to Snakes  |     3 |    17 ||    20
  Use: Potion            |     2 |     2 ||     4
       Scroll            |     1 |       ||     1
  Eat: Chunk             |       |     4 ||     4
       Fruit             |       |     1 ||     1
Armor: Robe              |     9 |     9 ||    18
Dodge: Dodged            |    44 |    55 ||    99

Table legend:
 A = Turns spent in this place as a percentage of turns spent in the entire game.
 B = Non-inter-level travel turns spent in this place as a percentage of non-inter-level travel turns spent in the entire game.
 C = Inter-level travel turns spent in this place as a percentage of turns spent in this place.
 D = Turns resting spent in this place as a percentage of non-inter-level travel turns spent in this place.
 E = Turns spent auto-exploring this place as a percentage of non-inter-level travel turns spent in this place.
 F = Non-inter-level travel turns spent in this place divided by the number of levels of this place that you've seen.
                   A       B       C       D       E      F
               +-------+-------+-------+-------+-------+----------------------
         Total | 100.0 | 100.0 |   0.1 |   0.0 |   0.0 | 204.4
       Dungeon | 100.0 | 100.0 |   0.1 |   0.0 |   0.0 | 204.4
               +-------+-------+-------+-------+-------+----------------------

Table legend:
 A = Kills in this place as a percentage of kills in entire the game.
 B = Kills by you in this place as a percentage of kills by you in the entire game.
 C = Kills by friends in this place as a percentage of kills by friends in the entire game.
 D = Other kills in this place as a percentage of other kills in the entire game.
 E = Experience gained in this place as a percentage of experience gained in the entire game.
 F = Experience gained in this place divided by the number of levels of this place that you have seen.
                   A       B       C       D       E      F
               +-------+-------+-------+-------+-------+----------------------
         Total | 100.0 | 100.0 | 100.0 |  -nan | 100.0 |  73.6
       Dungeon | 100.0 | 100.0 | 100.0 |  -nan | 100.0 |  73.6
               +-------+-------+-------+-------+-------+----------------------

Vault maps used:
D:1:      dpeg_arrival_tiny_a, minmay_tree_intersection
D:2:      minmay_misc_feat_doors, interstate_on_off, minmay_divided_ellipse,
          uniq_sigmund
D:3:      nicolae_overflow_hidden_temple, first_bread, minmay_misc_feat_cross,
          led_sif_book, uniq_grinder, uniq_ijyb
D:4:      black_bear_nest_2, marbit_many_paths, xom_confusion_cloud,
          serial_shops, shop, minmay_ogre_servants
D:5:      minmay_goblin_kobold_castle, kennysheep_mini_moat,
          minmay_temple_entry_mist, minivault_23
D:6:      overflow_temple_1_default, serial_shops, shop_fountains,
          fedhas_bush_and_centaur_altar, uniq_prince_ribbit1, uniq_edmund,
          uniq_menkaure
D:7:      kennysheep_generic_room_7
